 Dungeon Crawl Stone Soup version 0.26.1-11-gd32895ea62 (webtiles) character file.

Game seed: 15893455592563724858

1806 promet the Reanimator (level 8, -1/51 (54) HPs)
             Began as a Vampire Necromancer on May 26, 2021.
             Slain by a wight
             ... wielding a +3 trident of freezing
              (5 damage)
             ... on level 6 of the Dungeon.
             The game lasted 00:59:17 (7087 turns).

promet the Reanimator (Vampire Necromancer)         Turns: 7087, Time: 00:59:17

HP:   -1/51 (54)    AC:  4    Str: 12 (13) XL:     8   Next: 84%
MP:   16/16         EV: 13    Int: 23      God:
Gold: 376           SH:  0    Dex: 13 (15) Spells: 13/18 levels left

rFire    + + +     SeeInvis +   a - +2 short sword (drain)
rCold    . . .     Faith    .   (no shield)
rNeg     . . .     Spirit   .   z - +2 robe "Jeerergh" {rF++ Str+4}
rPois    .         Reflect  .   (no helmet)
rElec    .         Harm     .   (no cloak)
rCorr    .         Rampage  .   (no gloves)
Will     .....                  (no boots)
Stlth    +++.......             c - amulet of magic regeneration
HPRegen  0.37/turn              g - +6 ring of intelligence
MPRegen  0.40/turn              u - ring of protection from fire

@: regenerating quickly, slowed, drained, very slow
A: fangs 3, see invisible, unbreathing
a: Exsanguinate


You were on level 6 of the Dungeon.
You visited 1 branch of the dungeon, and saw 6 of its levels.

You collected 376 gold pieces.

Inventory:

Hand Weapons
 a - a +2 short sword of draining (weapon)
 b - a +0 hunting sling
 e - a +3 short sword
 f - a +5 trident
 r - a +0 spear
 s - a +1 rapier
 w - a +0 scythe
 y - a +0 trident
 A - a cursed +0 shortbow
 D - a +0 vorpal war axe
Missiles
 h - 246 stones
 i - 90 arrows
 j - 27 sling bullets
 k - 88 bolts
 l - 2 boomerangs of dispersal
 q - 2 curare-tipped darts (quivered)
Armour
 z - the +2 robe "Jeerergh" (worn) {rF++ Str+4}
   (You found it on level 4 of the Dungeon)

   It affects your strength (+4).
   It greatly protects you from fire.
Jewellery
 c - an amulet of magic regeneration (around neck)
 d - an uncursed amulet of faith
 g - a +6 ring of intelligence (left hand)
 p - an uncursed amulet of reflection {unknown}
 u - a ring of protection from fire (right hand)
Wands
 m - a wand of polymorph (6)
Scrolls
 n - 5 scrolls of teleportation
 o - 2 scrolls of amnesia
 t - a scroll of fog
 x - a scroll of enchant armour
Potions
 B - a potion of heal wounds
 C - a potion of resistance {unknown}


   Skills:
 + Level 1.2 Fighting
 * Level 4.0 Short Blades
 + Level 0.5 Maces & Flails
 + Level 0.4 Polearms
 + Level 1.7(2.0) Slings
 + Level 1.3(1.8) Throwing
 + Level 3.2 Dodging
 + Level 7.2 Stealth
 + Level 5.9 Spellcasting
 + Level 8.1 Necromancy


You had 13 spell levels left.
You knew the following spells:

 Your Spells              Type           Power        Failure   Level
a - Pain                  Necr           100%         1%          1
b - Animate Skeleton      Necr           88%          1%          1
c - Vampiric Draining     Necr           22%          1%          3

Your spell library contained the following spells:

 Spells                   Type           Power        Failure   Level
 Animate Dead             Necr           22%          3%          4
 Agony                    Necr           44%          9%          5


Dungeon Overview and Level Annotations

Branches:
Dungeon (6/15)             Temple (0/1) D:6

Altars:
Ashenzari
Cheibriados
Dithmenos
Gozag
Makhleb
Ru
Trog
Vehumet
Wu Jian
Xom
The Shining One

Shops:
D:5 (

Annotations:
D:4 1 runed translucent door, butteredtoast's ghost, amateur DESu


Innate Abilities, Weirdness & Mutations

Your natural rate of healing is unusually fast.
You have razor-sharp teeth.
You have supernaturally acute eyesight. (SInv)
You can survive without breathing.


Message History

You kill the orc wizard!
The wight hits you with a +0 scimitar.
A wight comes into view.
It is wielding a +1 trident of freezing.
The wight moves out of view.
The wight hits you with a +0 scimitar!
Blink to where?
Press: ? - help, Dir - move target
As you read the scroll of blinking, it crumbles to dust.
The wight misses you.
The wight hits you from afar with a +3 trident of freezing.
You feel drained. The wight freezes you.
* * * LOW HITPOINT WARNING * * *
The wight closely misses you. The wight closely misses you.
The wight hits you from afar with a +3 trident of freezing!
* * * LOW HITPOINT WARNING * * *
You feel drained.
* * * LOW HITPOINT WARNING * * *
The wight freezes you.
You die...

####.#
#....##
#.....#
#..<# ##.##
#.# #.####
## ##.#._.
..#
#@##.((#
#..
##z##.(.#)#
#.z##..z##
##..##...##
##..##.z.##
##..##...##
##..##...#
##....[.#
########


You could see 2 wights.

Vanquished Creatures
  Sigmund (D:3)
  Eustachio (D:4)
  Duvessa (D:4)
  An orc warrior (D:6)
  3 ogres
  A centaur (D:5)
  A bullfrog (D:6)
  Blork the orc (D:4)
  Dowan (D:4)
  A scorpion (D:4)
  4 wights
  A bullfrog skeleton (D:4)
  2 hounds
  An orc priest (D:4)
  Ijyb (D:3)
  3 orc wizards
  5 worker ants
  A hound zombie (D:5)
  4 gnolls (D:3)
  6 adders
  2 white imps (D:5)
  5 oozes
  An adder skeleton (D:4)
  5 worms
  2 dart slugs (D:2)
  2 leopard geckos
  9 orcs
  5 bats
  4 giant cockroaches
  5 goblins
  9 hobgoblins
  5 jackals (D:5)
  A quokka (D:4)
  3 ball pythons
  A ball python skeleton (D:4)
  5 frilled lizards
  A jackal zombie (D:5)
  18 kobolds
  7 rats
130 creatures vanquished.

Vanquished Creatures (collateral kills)
  Jessica (D:2)
  A giant cockroach (D:1)
  A hobgoblin (D:3)
3 creatures vanquished.

Vanquished Creatures (others)
  2 ogres (D:5)
  A white imp (D:5)
  An ufetubus (D:5)
  An ooze (D:5)
  An orc (D:5)
  2 fungi (D:2)
  3 plants (D:3)
  4 toadstools (D:2)
15 creatures vanquished.

Grand Total: 148 creatures vanquished

Notes
Turn   | Place    | Note
-------+----------+-------------------------------------------
     0 | D:1      | promet the Vampire Necromancer began the quest for the Orb.
     0 | D:1      | Reached XP level 1. HP: 13/13 MP: 3/3
   393 | D:1      | Learned a level 1 spell: Animate Skeleton
   424 | D:1      | Reached XP level 2. HP: 19/19 MP: 3/5
   963 | D:1      | Reached skill level 5 in Necromancy
  1325 | D:2      | Found a broken altar of Ashenzari.
  1400 | D:2      | Reached XP level 3. HP: 10/24 MP: 2/6
  1572 | D:2      | Learned a level 3 spell: Vampiric Draining
  1655 | D:2      | Found a radiant altar of Vehumet.
  1905 | D:2      | Noticed an ogre
  1918 | D:2      | Killed an ogre
  1919 | D:2      | Reached XP level 4. HP: 28/30 MP: 6/8
  1944 | D:2      | Noticed Jessica
  1956 | D:2      | Killed Jessica
  1957 | D:2      | Reached XP level 5. HP: 35/35 MP: 9/9
  2231 | D:2      | Found a burning altar of Makhleb.
  2231 | D:2      | Noticed a green death
  2301 | D:2      | Found an opulent altar of Gozag.
  2920 | D:3      | Noticed Sigmund
  2944 | D:3      | Killed Sigmund
  2945 | D:3      | Reached skill level 5 in Stealth
  2945 | D:3      | Reached skill level 6 in Necromancy
  2945 | D:3      | Reached XP level 6. HP: 38/42 MP: 9/11
  3370 | D:3      | Noticed Ijyb
  3376 | D:3      | Killed Ijyb
  3494 | D:3      | Reached skill level 1 in Slings
  3535 | D:3      | Found an ornate altar of the Wu Jian Council.
  3559 | D:3      | Found a glowing golden altar of the Shining One.
  3561 | D:3      | Found a shadowy altar of Dithmenos.
  3563 | D:3      | Found a sacrificial altar of Ru.
  4063 | D:4      | Noticed Blork the orc
  4077 | D:4      | Killed Blork the orc
  4178 | D:4      | Noticed Eustachio
  4203 | D:4      | Killed Eustachio
  4204 | D:4      | Reached XP level 7. HP: 47/47 MP: 13/13
  4313 | D:4      | Found a snail-covered altar of Cheibriados.
  4338 | D:4      | Found a runed translucent door.
  4394 | D:4      | Got a crude robe
  4404 | D:4      | Identified the +2 robe "Jeerergh" {rF++ Str+4} (You found
                  | it on level 4 of the Dungeon)
  4429 | D:4      | Noticed butteredtoast's ghost (amateur DESu)
  4623 | D:4      | Reached skill level 7 in Necromancy
  4645 | D:4      | Reached skill level 1 in Short Blades
  4893 | D:4      | Reached skill level 1 in Fighting
  4954 | D:4      | Noticed Dowan
  4954 | D:4      | Noticed Duvessa
  4992 | D:4      | Killed Duvessa
  4993 | D:4      | Reached skill level 1 in Throwing
  4993 | D:4      | Reached XP level 8. HP: 53/54 MP: 12/15
  5001 | D:4      | Killed Dowan
  5364 | D:4      | Reached skill level 5 in Spellcasting
  5780 | D:5      | Entered Level 5 of the Dungeon
  5797 | D:5      | Found Esiylu's Weapon Boutique.
  6430 | D:5      | Reached skill level 8 in Necromancy
  6701 | D:5      | Found a shimmering altar of Xom.
  6865 | D:6      | Found a staircase to the Ecumenical Temple.
  7062 | D:6      | Found a bloodstained altar of Trog.
  7087 | D:6      | Slain by a wight

Illustrated notes

Levels and vault maps discovered:
D:1:      dpeg_arrival_circle_labyrinth_c, layout_basic
D:2:      cheibrodos_fertilizer, layout_loops_corners,
          nicolae_overflow_hidden_temple, makhleb_altar_promises_db,
          lemuel_crystal_altar, nicolae_gozag_seed_capital, uniq_jessica
D:3:      corexii_shack_village, layout_loops_ring, minitemple,
          kennysheep_decorative_pillar, uniq_ijyb, uniq_sigmund
D:4:      layout_cave_pods, cheibriados_altar_1, ebering_ghost_reflecting_pool,
          minmay_fractal_squares_5, uniq_eustachio, uniq_blork_the_orc,
          uniq_duvessa
D:5:      layout_loops_ring, serial_shops, shop, xom_confusion_cloud
D:6:      layout_loops_cross, nzn_overflow_gifts_of_might_and_magic,
          overflow_temple_1_default, minmay_temple_entry_stoned_glass

Skill      XL: |  1  2  3  4  5  6  7  8 |
---------------+-------------------------+-----
Necromancy     | 5 6 7 8 |  8.1
Stealth        | 4 5 6 7 |  7.2
Spellcasting   | 3 4 5 |  5.9
Slings         | 1 |  1.7
Short Blades   | 2 4 |  4.0
Fighting       | 1 |  1.2
Throwing       | 1 |  1.3
Dodging        | 3 |  3.2
Maces & Flails | |  0.5
Polearms       | |  0.4

Action                   |  1- 3 |  4- 6 |  7- 9 || total
-------------------------+-------+-------+-------++-------
Melee: Dagger            |    53 |       |       ||    53
       Bite              |     6 |     1 |    11 ||    18
       Short sword       |     7 |    12 |    65 ||    84
       Scythe            |       |    21 |       ||    21
       Whip              |       |     7 |    18 ||    25
       Rapier            |       |       |    18 ||    18
       Trident           |       |       |     4 ||     4
       War axe           |       |       |     3 ||     3
 Fire: Hunting sling     |     1 |    24 |    19 ||    44
Throw: Dart              |     2 |    11 |     5 ||    18
       Stone             |       |     1 |     1 ||     2
       Boomerang         |       |       |     6 ||     6
 Cast: Pain              |    48 |    73 |    67 ||   188
       Animate Skeleton  |     6 |    15 |     8 ||    29
       Vampiric Draining |       |     1 |     4 ||     5
  Use: Scroll            |     5 |     4 |     8 ||    17
       Potion            |     3 |       |     3 ||     6
 Stab: Sleeping          |     1 |     2 |     5 ||     8
       Distracted        |       |     1 |       ||     1
Armor: Robe              |    23 |    11 |    28 ||    62
       Skin              |       |       |    19 ||    19
Dodge: Dodged            |    64 |    46 |    85 ||   195
